 Dungeon Crawl Stone Soup version 0.21-a0-132-g076efaf (webtiles) character file.

290 Leszczynek the Basher (level 6, -1/48 HPs)
             Began as a Gnoll Fighter on July 17, 2017.
             Slain by an orc (3 damage)
             ... on level 4 of the Dungeon.
             The game lasted 00:14:07 (2676 turns).

Leszczynek the Basher (Gnoll Fighter)               Turns: 2676, Time: 00:14:08

Health: -1/48      AC:  8    Str:  7    XL:     6   Next: 32%
Magic:  6/6        EV:  5    Int:  7    God:
Gold:   175        SH:  0    Dex:  7    Spells: 5/5 levels left

rFire    . . .     SeeInvis .   a - +0 flail
rCold    . . .     Gourm    .   c - +0 shield
rNeg     . . .     Faith    .   b - +0 scale mail
rPois    .         Spirit   .   j - +0 helmet
rElec    .         Reflect  .   (no cloak)
rCorr    .         Harm     .   (no gloves)
MR       .....                  (no boots)
Stlth    ..........             (no amulet)
HPRegen  0.16/turn              (no ring)
MPRegen  0.10/turn              (no ring)

@: confused
A: unchanging attributes, fangs 1, strong nose
a: no special abilities


You were on level 4 of the Dungeon.
You were not hungry.

You visited 1 branch of the dungeon, and saw 4 of its levels.

You collected 175 gold pieces.

Inventory:

Hand Weapons
 a - a +0 flail (weapon)
Armour
 b - a +0 scale mail (worn)
 c - a +0 shield (worn)
 j - a +0 helmet (worn)
Scrolls
 k - 2 scrolls of enchant armour {unknown}
 l - a scroll of amnesia {unknown}
 m - 2 scrolls of remove curse {@r2}
 p - a scroll of noise {unknown}
 s - a scroll of immolation {unknown}
 t - a scroll of fog {unknown}
 u - a scroll of teleportation {unknown}
 v - a scroll of random uselessness {unknown}
Potions
 e - a potion of brilliance
 i - a potion of cancellation
 q - 3 potions of mutation {!q}
 r - a potion of lignification {!q}
Comestibles
 d - 6 bread rations
 h - 4 fruits
 n - a meat ration
 w - 2 chunks of flesh


   Skills:
 - Level 4.2 Fighting
 + Level 8.2 Maces & Flails
 - Level 4.1 Armour
 - Level 4.2 Shields


You had 5 spell levels left.
You didn't know any spells.

Dungeon Overview and Level Annotations

Branches:
Dungeon (4/15)
 Temple: D:4-7

Altars:
Cheibriados
Elyvilon
Fedhas
Kikubaaqudgha
Makhleb
Sif Muna

Annotations:
D:3 braks's ghost, amateur DsNe


Innate Abilities, Weirdness & Mutations

Your physical attributes are unchanging.
You have very sharp teeth.
Your uncanny sense of smell can sniff out nearby items.


Message History

The puff of flame hits you! The orc hits you.
* * * LOW HITPOINT WARNING * * *
The gnoll hits you from afar with a trident.
* * * LOW HITPOINT WARNING * * *
Unknown command.
You cannot move. (Use ctrl+direction to attack without moving.)
You closely miss something. Something hits you but does no damage.
The orc hits you but does no damage.
The gnoll hits you from afar with a trident.
* * * LOW HITPOINT WARNING * * *
You nearly hit yourself!
You feel less wooden.
Your +0 helmet unmelds from your body.
Your +0 scale mail unmelds from your body.
You hear some strange, mumbled words.
A magic dart appears from out of thin air!
The magic dart hits you!
* * * LOW HITPOINT WARNING * * *
The orc hits you.
You die...

.o# #....# #.# #....# ...
#.# #....# ∆ ....##)###....#
........o......#
............##.#
............##g#####
............##.o{..#
............####@### #######
#####.......####.#####.)...#
#....>..##......##.###.#
##########....(^##.# .#
#......'..# .#
#......######.#
##...##.......#
#...##)####### #...##.#


You could see a gnoll and an orc.

Vanquished Creatures
  A gnoll shaman (D:3)
  An orc priest (D:2)
  An orc wizard (D:4)
  Ijyb (D:3)
  5 adders
  4 gnolls (D:4)
  An adder skeleton (D:4)
  A worm (D:3)
  4 dart slugs
  4 leopard geckos
  4 orcs
  A giant cockroach (D:1)
  8 hobgoblins
  9 kobolds
  2 quokkas
  4 ball pythons
  11 bats
  6 frilled lizards
  7 goblins
  8 rats
83 creatures vanquished.

Notes
Turn   | Place    | Note
-------+----------+-------------------------------------------
     0 | D:1      | Leszczynek the Gnoll Fighter began the quest for the Orb.
     0 | D:1      | Reached XP level 1. HP: 19/19 MP: 1/1
     4 | D:1      | >7/5/7
     4 | D:1      | good god
    95 | D:1      | Reached skill level 3 in Maces & Flails
   143 | D:1      | Reached XP level 2. HP: 21/25 MP: 2/2
   494 | D:1      | Reached XP level 3. HP: 17/30 MP: 3/3
   496 | D:1      | Reached skill level 4 in Maces & Flails
   751 | D:2      | Found an ancient bone altar of Kikubaaqudgha.
   978 | D:2      | Found a snail-covered altar of Cheibriados.
  1035 | D:2      | Reached skill level 5 in Maces & Flails
  1035 | D:2      | Reached XP level 4. HP: 28/37 MP: 4/4
  1051 | D:2      | Found a white marble altar of Elyvilon.
  1226 | D:3      | Found a deep blue altar of Sif Muna.
  1234 | D:3      | Found a burning altar of Makhleb.
  1282 | D:3      | Noticed Ijyb
  1343 | D:3      | Killed Ijyb
  1348 | D:3      | Reached skill level 6 in Maces & Flails
  1464 | D:2      | Reached XP level 5. HP: 25/42 MP: 5/5
  1729 | D:3      | Found a blossoming altar of Fedhas.
  2100 | D:3      | Noticed braks's ghost (amateur DsNe)
  2186 | D:3      | ha
  2186 | D:3      | dumbass
  2235 | D:3      | Reached skill level 7 in Maces & Flails
  2469 | D:4      | Reached XP level 6. HP: 36/48 MP: 6/6
  2589 | D:4      | Reached skill level 8 in Maces & Flails
  2663 | D:4      | HP: 13/72 [gnoll/trident (6)]
  2672 | D:4      | HP: 13/72 [gnoll/trident (1)]
  2676 | D:4      | HP: 2/48 [something/magic dart (3)]
  2676 | D:4      | Slain by an orc

Vault maps used:
D:1:      dpeg_arrival_arbitrary_c, minmay_misc_feat_nine_boxes
D:2:      nicolae_overflow_crystal_walls, old_standard_altar, lemuel_round_altar
D:3:      fedhas_altar_4, overflow_temple_1_default, overflow_temple_1_default,
          first_bread, uniq_ijyb

Skill      XL: |  1  2  3  4  5  6 |
---------------+-------------------+-----
Maces & Flails | 3 5 6 7 8 |  8.2
Fighting       | |  4.2
Armour         | |  4.1
Shields        | |  4.2

Action                   |  1- 3 |  4- 6 || total
-------------------------+-------+-------++-------
Melee: Flail             |   190 |   365 ||   555
       Bite              |     5 |    17 ||    22
Throw: Throwing net      |       |     1 ||     1
  Use: Scroll            |     2 |     1 ||     3
       Potion            |       |     6 ||     6
  Eat: Chunk             |     1 |     6 ||     7
Armor: Scale mail        |   105 |   175 ||   280
       Skin              |       |    86 ||    86
Dodge: Dodged            |    39 |    76 ||   115
Block: Shield            |    66 |   133 ||   199
